 Dungeon Crawl Stone Soup version 0.29.1-15-g9cfb28693d (webtiles) character file.

Game seed: 2370738137840327932

814 Arctor the Sneak (level 7, 0/38 HPs)
             Began as a Gargoyle Fire Elementalist on Feb 25, 2023.
             Slain by a wyvern (12 damage)
             ... on level 5 of the Dungeon.
             The game lasted 00:13:18 (7408 turns).

Arctor the Sneak (Gargoyle Fire Elementalist)       Turns: 7408, Time: 00:13:18

Health: 0/38       AC:  7    Str: 12    XL:     7   Next: 93%
Magic:  0/13       EV: 12    Int: 17    God:
Gold:   335        SH:  0    Dex: 10    Spells: 9/14 levels left

rFire   . . .      SeeInvis .   g - +0 dagger
rCold   . . .      Faith    .   (no shield)
rNeg    + . .      Spirit   .   a - +0 robe
rPois   ∞          Reflect  .   (helmet restricted)
rElec   +          Harm     .   e - +0 cloak
rCorr   .          Rampage  .   (no gloves)
Will    .....                   (no boots)
Stlth   +++.......              (no amulet)
HPRegen 0.12/turn               l - ring of wizardry
MPRegen 0.13/turn               (no ring)

@: about to teleport, flying
A: sickness immunity, AC +4, negative energy resistance 1, electricity
resistance, torment resistance 1, petrification resistance, antennae 1, big
wings, talons 1
a: no special abilities


You were on level 5 of the Dungeon.
You visited 1 branch of the dungeon, and saw 5 of its levels.

You collected 335 gold pieces.

Inventory:

Hand Weapons
 g - a +0 dagger (weapon)
Armour
 a - a +0 robe (worn)
 e - a +0 cloak (worn)
Magical Staves
 p - a staff of air
Jewellery
 c - an amulet of magic regeneration
 l - a ring of wizardry (left hand)
 o - a ring of flight
 r - a ring of protection from cold
Wands
 m - a wand of digging (2)
 q - a wand of roots (9)
Scrolls
 f - a scroll of immolation
 i - a scroll of brand weapon
 k - a scroll of enchant armour
 t - a scroll of vulnerability
 w - a scroll of amnesia
 x - a scroll of poison
 y - a scroll of teleportation
 F - a scroll of blinking {unknown}
Potions
 b - a potion of magic
 d - a potion of brilliance
 j - 5 potions of curing
 n - 2 potions of resistance
 u - a potion of attraction
 B - a potion of lignification


   Skills:
 + Level 1.3 Fighting
 + Level 3.4 Dodging
 + Level 5.0 Stealth
 + Level 4.0 Spellcasting
 - Level 2.6 Conjurations
 + Level 4.8 Fire Magic
 - Level 1.7 Air Magic


You had 9 spell levels left.
You knew the following spells:

 Your Spells              Type           Power      Damage    Failure   Level
a - Foxfire               Conj/Fire      64%        2x1d7     1%          1
b - Flame Wave            Conj/Fire      16%        2d7       14%         4

Your spell library contained the following spells:

 Spells                   Type           Power      Damage    Failure   Level
 Scorch                   Fire           38%        2d6       1%          2
 Conjure Flame            Conj/Fire      16%        6-21      4%          3
 Inner Flame              Hex/Fire       11%        N/A       7%          3
 Gell's Gravitas          Tloc           3%         N/A       19%         3
 Lesser Beckoning         Tloc           3%         N/A       19%         3
 Teleport Other           Tloc           3%         N/A       19%         3


Dungeon Overview and Level Annotations

Branches:
Dungeon (5/15)
 Temple: D:4-7

Altars:
Gozag

Annotations:
D:5 Pikel


Innate Abilities, Weirdness & Mutations

You are immune to sickness and miasma.
Your stone body is resilient. (AC +4)
You are immune to poison.
You resist negative energy. (rN+)
You are resistant to electric shocks. (rElec)
You are resistant to unholy torment.
You are immune to petrification.
You have a pair of small antennae on your head.
Your large and strong wings let you fly.
You have sharp toenails.


Message History

Pikel hits you with a +2 whip of freezing!
Pikel freezes you. The lemure hits you but does no damage.
You hit the lemure but do no damage.
It was a potion of lignification.
You feel woody for a moment.
Your transformation is almost over.
The lemure hits you but does no damage. x2
Pikel hits you with a +2 whip of freezing.
Pikel freezes you. The lemure hits you but does no damage.
Casting: Flame Wave (dangerous; 14% risk of failure)
Confirm with . or Enter, or press ? or * to list all spells.
You conjure some foxfire!
The wyvern is attracted toward you.
You hit Pikel but do no damage.
Pikel is lightly wounded.
The foxfire hits the lemure.
The lemure is lightly wounded.
The foxfire hits the lemure but does no damage.
The lemure is lightly wounded.
Pikel hits you but does no damage.
The lemure hits you but does no damage. x2
The wyvern is attracted toward you.
It was a potion of cancellation.
Your magical effects are unravelling.
You feel magically purged.
Your magical contamination has completely faded away.
You feel less wooden.
Your +0 cloak unmelds from your body.
Your +0 robe unmelds from your body.
You feel yourself slow down.
You flicker back into view.
The lemure hits you.
Pikel zaps a wand.
You resist with some effort. The lemure hits you.
The lemure closely misses you.
You feel less attractive to monsters.
As you read the scroll of fear, it crumbles to dust.
You assume a fearsome visage.
Pikel looks frightened!
The lemure looks frightened! x3; The wyvern easily resists.
As you read the scroll labelled GIEXY LEULI, it crumbles to dust.
You feel strangely unstable.
It was a scroll of teleportation.
The wyvern bites you but does no damage.
Okay, then.
The wyvern attacks as you move away! The wyvern misses you.
You see here an iguana skeleton.
The wyvern attacks as you move away! The wyvern bites you!
You die...

######....).....####
###.....###...##
##..### ###).# ###
##..# #.## ##5##
#..## ##.###
###...#####..#
#..#.#
##.......##..##
#...#
##............#
#...#
#..#......l@..##
##..##
#....#......#...#
#..##
.........5####..##
##[.# .####..5.##
#...## #..## #..K##
##...###.## ##..
##...#..# #.§
#......## #..
#...###..# #..
#....## ####


You could see Pikel (resistant, fleeing), a wyvern and 3 lemures.

Vanquished Creatures
  Eustachio (D:5)
  An ogre (D:4)
  A lemure (D:5)
  A necrophage (D:4)
  A scorpion (D:4)
  5 orc priests
  Jessica (D:3)
  3 iguanas
  2 orc wizards
  6 adders
  2 worms
  25 orcs
  3 ball pythons
  A bat (D:1)
  5 endoplasms
  7 giant cockroaches
  9 goblins
  8 hobgoblins
  5 kobolds
  5 quokkas
  A frilled lizard (D:1)
  2 rats
95 creatures vanquished.

Vanquished Creatures (others)
  466 foxfires
466 creatures vanquished.

Grand Total: 561 creatures vanquished

Notes
Turn   | Place    | Note
-------+----------+-------------------------------------------
     0 | D:1      | Arctor the Gargoyle Fire Elementalist began the quest for
                  | the Orb.
     0 | D:1      | Reached XP level 1. HP: 10/10 MP: 3/3
   229 | D:1      | Found a faded altar of an unknown god.
   287 | D:1      | Reached XP level 2. HP: 15/15 MP: 1/5
  1500 | D:1      | You fall into a shaft and drop 1 floor!
  1620 | D:2      | Reached XP level 3. HP: 10/19 MP: 2/6
  3046 | D:2      | Reached skill level 3 in Stealth
  3046 | D:2      | Reached XP level 4. HP: 1/24 MP: 7/7
  3341 | D:3      | Noticed Jessica
  3347 | D:3      | Killed Jessica
  3727 | D:3      | Reached XP level 5. HP: 28/28 MP: 6/9
  4035 | D:3      | Learned a level 4 spell: Flame Wave
  4810 | D:4      | Reached XP level 6. HP: 19/32 MP: 1/10
  4956 | D:4      | Reached skill level 4 in Stealth
  5180 | D:4      | Reached skill level 1 in Air Magic
  5187 | D:4      | Gained mutation: Your large and strong wings let you fly.
                  | [potion of mutation]
  5187 | D:4      | Gained mutation: You have sharp toenails. [potion of
                  | mutation]
  5187 | D:4      | Gained mutation: You have a pair of small antennae on your
                  | head. [potion of mutation]
  5428 | D:4      | Reached XP level 7. HP: 31/36 MP: 6/12
  6054 | D:4      | Identified the +5 short sword of Liti Bekh {holy, Contam
                  | Will+ MP+9}
  6160 | D:5      | Entered Level 5 of the Dungeon
  6680 | D:5      | Found an opulent altar of Gozag.
  6931 | D:5      | Noticed Eustachio
  6942 | D:5      | Killed Eustachio
  6943 | D:5      | Reached skill level 1 in Fighting
  6943 | D:5      | Reached skill level 5 in Stealth
  7375 | D:5      | Noticed Pikel
  7379 | D:5      | Noticed a wyvern
  7408 | D:5      | Slain by a wyvern

Illustrated notes

Levels and vault maps discovered:
D:1:      mrwooster_arrival_statue_3, layout_loops_corners,
          chequers_ecumenical_altar_simple, minmay_misc_feat_ornament
D:2:      layout_basic
D:3:      layout_rooms, uniq_jessica
D:4:      layout_basic
D:5:      layout_layer_cave, mainiacjoe_overflow_alcove_4, enter_ossuary_5,
          eino_small_chamber_without_monster, uniq_eustachio, uniq_pikel

Skill      XL: |  1  2  3  4  5  6  7 |
---------------+----------------------+-----
Dodging        | 2 3 |  3.4
Conjurations   | 2 |  2.6
Stealth        | 3 4 5 |  5.0
Spellcasting   | 3 4 |  4.0
Fire Magic     | 4 |  4.8
Air Magic      | 1 |  1.7
Fighting       | 1 |  1.3

Action                   |  1- 3 |  4- 6 |  7- 9 || total
-------------------------+-------+-------+-------++-------
Melee: Dagger            |    48 |    35 |    23 ||   106
       Unarmed           |     4 |       |       ||     4
       Kick              |       |       |     4 ||     4
 Cast: Foxfire           |    86 |   108 |    94 ||   288
       Flame Wave        |       |     2 |     4 ||     6
  Use: Potion            |       |     2 |     9 ||    11
       Scroll            |       |       |    10 ||    10
 Stab: Distracted        |       |     1 |       ||     1
Armor: Robe              |    12 |    24 |    12 ||    48
       Crystal plate arm |    39 |       |       ||    39
       Skin              |       |       |    20 ||    20
Dodge: Dodged            |    53 |    30 |    24 ||   107
